 Dungeon Crawl Stone Soup version 0.30-a0-1164-ge08a67761e (webtiles) character file.

Game seed: 8465967382610293735

21 jasper the Grave Robber (level 2, -3/14 HPs)
             Began as a Spriggan Necromancer on Apr 29, 2023.
             Killed from afar by Natasha (8 damage)
             ... with a magic dart
             ... on level 2 of the Dungeon.
             The game lasted 00:01:28 (988 turns).

jasper the Grave Robber (Spriggan Necromancer)       Turns: 988, Time: 00:01:29

Health: -3/14      AC:  2    Str:  4    XL:     2   Next: 62%
Magic:  1/7        EV: 17    Int: 16    God:
Gold:   25         SH:  0    Dex: 15    Spells: 6/7 levels left

rFire   . . .        g - +0 short sword (venom)
rCold   . . .        (no shield)
rNeg    . . .        a - +0 robe
rPois   .            (helmet restricted)
rElec   .            (no cloak)
rCorr   .            (gloves unavailable)
SInv    +            (boots unavailable)
Will    .....        (no amulet)
Stlth   ++           (no ring)
HPRegen 0.22/turn    (no ring)
MPRegen 0.10/turn

%: no passive effects
@: very quick
A: very small, no large weapons, unfitting armour, see invisible, speed 3
a: no special abilities


You were on level 2 of the Dungeon.
You visited 1 branch of the dungeon, and saw 2 of its levels.

You collected 25 gold pieces.

Inventory:

Hand Weapons
 g - a +0 short sword of venom (weapon)
Missiles
 l - 6 curare-tipped darts
Armour
 a - a +0 robe (worn)
 d - +0 acid dragon scales
Jewellery
 c - an amulet of the acrobat
Scrolls
 e - a scroll of identify
 i - 2 scrolls of blinking
Potions
 b - a potion of magic
 f - a potion of curing
 j - a potion of brilliance {unknown}
 k - a potion of ambrosia {unknown}
 m - 2 potions of mutation {unknown}


   Skills:
 + Level 0.6 Fighting
 + Level 3.1 Dodging
 - Level 3.0 Stealth
 + Level 3.0 Spellcasting
 * Level 3.9 Necromancy


You had 6 spell levels left.
You knew the following spells:

 Your Spells              Type           Power      Damage    Failure   Level
a - Necrotise             Necr           60%        1d7       3%          1

Your spell library contained the following spells:

 Spells                   Type           Power      Damage    Failure   Level
 Vampiric Draining        Necr           15%        2d7       11%         3
 Animate Dead             Necr           15%        N/A       36%         4
 Agony                    Necr           15%        N/A       71%         5
 Olgreb's Toxic Radiance  Pois           2%         N/A       88%         4
 Discord                  Hex            1%         N/A       100%        8
 Ignition                 Fire           1%         3d3       100%        8


Dungeon Overview and Level Annotations

Branches:
Dungeon (2/15)

Altars:

Annotations:
D:2 Natasha


Innate Abilities, Weirdness & Mutations

You are very small and have problems with some larger weapons.
You are too small for most types of armour.
You have supernaturally acute eyesight. (SInv)
You cover ground extremely quickly. (Speed+++)


Message History

There are monsters nearby!
Found an escape hatch in the floor.
Aiming: Necrotise (safe; 3% risk of failure)
Press: ? - help, Q - select action, (/) - cycle Shift-Dir - straight line, f - worm
Aim: a worm (chance to affect: 79%)
The worm writhes in agony.
You now have 6/7 mp.
Aiming: Necrotise (safe; 3% risk of failure)
Press: ? - help, Q - select action, (/) - cycle Shift-Dir - straight line, f/p - worm
Aim: a worm (moderately wounded, chance to affect: 79%)
The worm writhes in agony.
You now have 5/7 mp.
Aiming: Necrotise (safe; 3% risk of failure)
Press: ? - help, Q - select action, (/) - cycle Shift-Dir - straight line, f/p - worm
Aim: a worm (moderately wounded, chance to affect: 79%)
The worm writhes in agony.
Natasha hisses angrily.
Natasha casts a spell at you. The magic dart hits you!
Ouch! That really hurt!
You take 9 damage, and have 5/14 hp.
MASSIVE DAMAGE!!
You now have 4/7 mp.
Aiming: Necrotise (safe; 3% risk of failure)
Press: ? - help, Q - select action, (/) - cycle Shift-Dir - straight line, f/p - worm
Aim: a worm (moderately wounded, chance to affect: 79%)
The worm writhes in agony.
Natasha casts a spell.
You now have 3/7 mp.
Aiming: Necrotise (safe; 3% risk of failure)
Press: ? - help, Q - select action, (/) - cycle Shift-Dir - straight line, f/p - worm
Aim: a worm (heavily wounded, chance to affect: 79%)
The worm writhes in agony.
You now have 2/7 mp.
Aiming: Necrotise (safe; 3% risk of failure)
Press: ? - help, Q - select action, (/) - cycle Shift-Dir - straight line, f/p - worm
Aim: a worm (heavily wounded, chance to affect: 79%)
The worm writhes in agony.
Natasha stares at you and mumbles some strange words.
The magic dart hits you!
Ouch! That really hurt!
You die...

. #># #.##. #.# ...
.... . #.#.... ...
.# ...#.##.$#..#
#.#........#
#.....w..5..
#.......h...
#.@####.# #.^.....#
#...##### #...#
#...# ## #...#####
.. #........# .
####.###...####.#..
#.....<............


You could see a worm, Natasha and a cerulean imp (summoned).

Vanquished Creatures
  An endoplasm (D:1)
  2 goblins (D:1)
  4 hobgoblins (D:1)
  A jackal (D:1)
  2 kobolds (D:1)
  A quokka (D:1)
  3 ball pythons (D:1)
  A bat (D:2)
  A frilled lizard (D:1)
  A rat (D:2)
17 creatures vanquished.

Vanquished Creatures (collateral kills)
  A jackal (D:1)
1 creature vanquished.

Grand Total: 18 creatures vanquished

Notes
Turn   | Place    | Note
-------+----------+-------------------------------------------
     0 | D:1      | jasper the Spriggan Necromancer began the quest for the
                  | Orb.
     0 | D:1      | Reached XP level 1. HP: 9/9 MP: 5/5
   428 | D:1      | Reached XP level 2. HP: 14/14 MP: 1/6
   981 | D:2      | Noticed Natasha
   988 | D:2      | Killed from afar by Natasha

Illustrated notes

Levels and vault maps discovered:
D:1:      psy_arrival_radial02, layout_basic
D:2:      layout_loops_cross, uniq_natasha

Skill      XL: |  1  2 |
---------------+-------+-----
Dodging        | 3 |  3.1
Spellcasting   | 3 |  3.0
Fighting       | |  0.6
Stealth        | |  3.0
Necromancy     | |  3.9

Action                     || total
---------------------------++-------
  Melee: Short sword       ||     5
   Cast: Necrotise         ||    37
    Use: Scroll            ||     3
  Dodge: Dodged            ||     7

Table legend: (Time is in decaauts)
 A = Elapsed time spent in this place.
 B = Non-inter-level travel time spent in this place.
 C = Inter-level travel time spent in this place.
 D = Time resting spent in this place.
 E = Time spent auto-exploring this place.
 F = Levels seen in this place.
 G = Mean time per level.
                   A        B        C        D        E       F      G
               +--------+--------+--------+--------+--------+-----+--------+
         Total |    733 |    692 |     41 |      0 |    599 |   2 |  366.5 |
       Dungeon |    733 |    692 |     41 |      0 |    599 |   2 |  366.5 |
               +--------+--------+--------+--------+--------+-----+--------+

Top non-repeatable levels by time:
     D:1: 687 daAuts
     D:2: 46 daAuts
